 Dungeon Crawl Stone Soup version 0.16-a0-3467-gfe061fe (webtiles) character file.

103 NewYearsCrawler the Shield-Bearer (level 5, 0/41 HPs)
             Began as a Formicid Fighter on Jan 3, 2015.
             Succumbed to an orc priest's poison
             ... on level 3 of the Dungeon.
             The game lasted 00:02:20 (2367 turns).

NewYearsCrawler the Shield-Bearer (FoFi)            Turns: 2367, Time: 00:02:20

Health: 0/41       AC:  6    Str: 26    XL:     5   Next: 6%
Magic:  7/7        EV:  8    Int:  8    God:
Gold:   98         SH: 10    Dex: 10    Spells: 0 memorised, 4 levels left

rFire  . . .     SeeInvis +     a - +0 war axe
rCold  . . .     Clarity  .     b - +0 scale mail
rNeg   . . .     SustAb   .     c - +0 shield
rPois  .         Gourm    .     (helmet unavailable)
rElec  .         Spirit   .     (no cloak)
rCorr  .         Warding  .     (no gloves)
rMut   .         Stasis   +     (no boots)
MR     .....                    (no amulet)
Stlth  ..........               (no ring)
                                (no ring)

@: mighty, lethally poisoned, not resistant to hostile enchantments, extremely
unstealthy
A: permanent stasis, dig shafts and tunnels, four strong arms, antennae 3
a: Dig, Shaft Self


You were on level 3 of the Dungeon.
You were not hungry.

You visited 1 branch of the dungeon, and saw 3 of its levels.

You collected 98 gold pieces.

Inventory:

Hand weapons
 a - a +0 war axe (weapon)
Missiles
 g - 2 poisoned javelins (quivered)
Armour
 b - a +0 scale mail (worn)
 c - a +0 shield (worn)
Jewellery
 h - an uncursed ring of flight
Scrolls
 f - 2 scrolls of remove curse {unknown}
 i - a scroll of identify {unknown}
 j - a scroll of random uselessness {unknown}
 l - 2 scrolls of amnesia {unknown}
Comestibles
 d - 3 bread rations
 k - a slice of pizza


   Skills:
 - Level 3.2 Fighting
 + Level 3.2 Axes
 - Level 3.2 Armour
 + Level 5.6 Shields


You had 4 spell levels left.
You didn't know any spells.

Dungeon Overview and Level Annotations

Branches:
Dungeon (3/15)

Altars:
Ashenzari
Elyvilon
Vehumet


Innate Abilities, Weirdness & Mutations

You are under a permanent stasis effect.
You can dig through walls and to a lower floor.
Your four strong arms can wield two-handed weapons with a shield.
You have a pair of large antennae on your head (SInv).


Message History

* * * LOW HITPOINT WARNING * * *
You feel very sick.
The orc priest hits you but does no damage.
You are more poisoned.
You're too confused to move!
* * * LOW HITPOINT WARNING * * *
You feel very sick. The orc priest closely misses you.
Unknown command.
You're too confused to move!
You feel less invigorated.
You feel less confused.
* * * LOW HITPOINT WARNING * * *
You feel very sick.
The orc priest mumbles some strange prayers to Beogh.
You feel troubled.
Unknown command.
You slice the orc priest!!
You kill the orc priest!
You have reached level 5!
You die...

#....#.........#
#....##.######.
#)รท..##.###
#<##.#....# .
#)##.#....##
..#.
#.##.#.....#
....
#..#.#.....# .>.
####.#####.# ###
..# #... #.#
##@# .$# ####
#.###)###..##
#.....{.....##
########!....#
#...{).....#
.......o.#.....#
#####...#######
#...# #...#


There were no monsters in sight!

Vanquished Creatures
  An orc priest (D:3)
  2 adders (D:2)
  A giant mite (D:2)
  A worm (D:2)
  2 giant geckos
  An ooze (D:1)
  3 orcs (D:3)
  6 goblins
  4 hobgoblins
  4 jackals (D:1)
  5 bats
  3 giant cockroaches
  A giant newt (D:1)
  4 kobolds
  4 rats
42 creatures vanquished.

Notes
Turn   | Place    | Note
--------------------------------------------------------------
     0 | D:1      | NewYearsCrawler, the Formicid Fighter, began the quest for the Orb.
     0 | D:1      | Reached XP level 1. HP: 18/18 MP: 1/1
   103 | D:1      | Reached skill level 4 in Shields
   255 | D:1      | Reached XP level 2. HP: 24/24 MP: 3/3
   724 | D:1      | Reached XP level 3. HP: 29/29 MP: 4/4
  1447 | D:2      | Reached XP level 4. HP: 15/35 MP: 5/5
  1806 | D:2      | Reached skill level 5 in Shields
  1935 | D:2      | Found a shattered altar of Ashenzari.
  1940 | D:2      | Found a white marble altar of Elyvilon.
  2092 | D:2      | Found a radiant altar of Vehumet.
  2367 | D:3      | Reached XP level 5. HP: 5/41 MP: 7/7
  2367 | D:3      | Succumbed to an orc priest's poison

Action                   |  1- 3 |  4- 6 || total
-------------------------+-------+-------++-------
Melee: War axe           |   115 |    71 ||   186
 Abil: Dig               |       |     1 ||     1
  Use: Potion            |       |     3 ||     3
  Eat: Chunk             |     2 |     3 ||     5
